 Dungeon Crawl Stone Soup version 0.25-a0-589-g1e14c549ee (webtiles) character file.

Game seed: 9972542614993390144, levelgen mode: deterministic

2578 KrisU the Basher (level 9, -5/63 HPs)
             Began as a Demonspawn Fighter on Mar 11, 2020.
             Was an Elder of Nemelex Xobeh.
             Slain by a death yak (20 damage)
             ... on level 8 of the Dungeon.
             The game lasted 00:34:22 (9270 turns).

KrisU the Basher (Demonspawn Fighter)               Turns: 9270, Time: 00:34:22

Health: -5/63      AC: 14    Str: 20    XL:     9   Next: 32%
Magic:  0/9        EV:  6    Int: 10    God:    Nemelex Xobeh [****..]
Gold:   338        SH:  8    Dex: 12    Spells: 8/8 levels left

rFire    + . .     SeeInvis +   q - +5 flail (venom)
rCold    . . .     Gourm    .   c - +0 kite shield
rNeg     . . .     Faith    .   C - +1 plate armour {rPois}
rPois    +         Spirit   +   (no helmet)
rElec    .         Reflect  .   (no cloak)
rCorr    .         Harm     .   w - +1 pair of gloves
MR       .....                  (no boots)
Stlth    ..........             r - amulet of guardian spirit
HPRegen  0.20/turn              m - ring of protection from fire
MPRegen  0.11/turn              D - ring of see invisible

@: lightly drained
A: hooves 2, repulsion field 2, spiny 1
a: Draw Escape, Draw Destruction, Draw Summoning, Triple Draw, Deal Four,
Renounce Religion


You were on level 8 of the Dungeon.
You worshipped Nemelex Xobeh.
Nemelex Xobeh was greatly pleased with you.
You were not hungry.

You visited 2 branches of the dungeon, and saw 9 of its levels.
You also visited: Sewer.

You collected 338 gold pieces.

Inventory:

Hand Weapons
 a - a +0 war axe
 q - a +5 flail of venom (weapon)
Missiles
 b - 25 poisoned darts (quivered)
Armour
 c - a +0 kite shield (worn)
 w - a +1 pair of gloves (worn)
 C - a +1 plate armour of poison resistance (worn)
Jewellery
 k - an uncursed ring of protection from cold
 m - a ring of protection from fire (left hand)
 n - an uncursed ring of stealth
 r - an amulet of guardian spirit (around neck)
 D - a ring of see invisible (right hand)
 E - a +5 ring of slaying {unknown}
Wands
 p - a wand of scattershot (4)
Scrolls
 h - 6 scrolls of teleportation
 i - 2 scrolls of blinking
 o - 3 scrolls of remove curse
 t - a scroll of fog
 u - 3 scrolls of magic mapping {unknown}
 v - 3 scrolls of identify
 y - a scroll of amnesia
 A - a scroll of enchant weapon {unknown}
 B - 2 scrolls of enchant armour {unknown}
Potions
 d - a potion of might
 g - 4 potions of flight
 j - 5 potions of lignification
 l - 4 potions of haste
 s - 2 potions of mutation
 x - 5 potions of curing
 z - a potion of ambrosia {unknown}
Comestibles
 f - 13 rations


   Skills:
 - Level 3.0(2.6) Fighting
 - Level 6.6(8.7) Axes
 * Level 9.7(10.1) Maces & Flails
 - Level 2.6(2.3) Armour
 - Level 2.6(2.3) Shields


You had 8 spell levels left.
You didn't know any spells.
Your spell library contained the following spells:

 Spells                   Type           Power        Failure   Level  Hunger
 Magic Dart               Conj           #...         100%        1    ##.....
 Blink                    Tloc           N/A          100%        2    ###....
 Call Imp                 Summ           #.......     100%        2    ###....
 Slow                     Hex            #.......     100%        2    ###....
 Conjure Flame            Conj/Fire      #.......     100%        3    ####...
 Mephitic Cloud           Conj/Pois/Air  #.......     100%        3    ####...


Dungeon Overview and Level Annotations

Branches:
Dungeon (8/15)             Temple (1/1) D:4           Sewer (visited)
   Lair: D:8-11

Altars:
Ashenzari
Cheibriados
Dithmenos
Elyvilon
Fedhas
Gozag
Hepliaklqana
Kikubaaqudgha
Makhleb
Nemelex Xobeh
Okawaru
Qazlal
Ru
Sif Muna
Trog
Uskayaw
Vehumet
Wu Jian
Xom
Yredelemnul
Zin
The Shining One

Annotations:
D:3 3 runed translucent doors, terminal's ghost, amateur CeFi
D:6 2 transporters, HailSeitan's ghost, novice OpAs


Innate Abilities, Weirdness & Mutations

You have hoof-like feet.
You are surrounded by a moderate repulsion field. (EV +3)
You are partially covered in sharp spines.


Message History

Aim: a death yak (heavily wounded)
The bolt of negative energy hits the death yak!
The death yak is drained!
The death yak is severely wounded.
The death yak is struck by your spines. The death yak gores you.
* * * LOW HITPOINT WARNING * * *
You feel much better. You block the death yak's attack.
Your plate armour prevents you from hitting the death yak.
You kick the death yak.
The death yak is severely wounded.
The death yak is struck by your spines. The death yak gores you!!
You hit the death yak but do no damage. You kick the death yak.
The death yak is almost dead.
The death yak gores you!
* * * LOW HITPOINT WARNING * * *
You draw a card...
You have drawn the Tomb.
Walls emerge from the floor!
The deck of cards disappears without a trace.
The death yak gores you!!
You die...
Your body disappears without a glow.

#.......###...###
#...........#....
#.......###...#..
#.......# ####†..
#.......# ##..
####.###### ##.
#.......# #.
####..####.# #.
#@Y........# ##'
####..###..# ##..
#.##....# # ##...
#.##.##.# ##....
#.##.# ... #.....
#.##.. ... +.....
#..... ..# #.....
### .. ##....
##...


You could see a death yak.

Vanquished Creatures
  A hippogriff (D:8)
  A sky beast (D:7)
  2 orc warriors
  A phantom (D:4)
  3 ogres
  2 centaurs (D:5)
  Blork the orc (D:4)
  A bullfrog (D:6)
  10 killer bees
  3 crimson imps
  A bullfrog zombie (D:5)
  2 hounds (D:6)
  2 orc priests
  A bullfrog skeleton (D:7)
  3 iguanas
  A merfolk siren (Sewer)
  3 orc wizards
  4 worker ants
  A merfolk avatar (Sewer)
  A killer bee zombie (D:6)
  A hound zombie (D:5)
  2 hound skeletons
  3 gnolls (D:6)
  14 adders
  2 river rats (Sewer)
  2 shadow imps (D:5)
  2 oozes
  An adder skeleton (D:4)
  7 worms
  2 dart slugs (D:1)
  8 leopard geckos
  15 orcs
  3 ball pythons (Sewer)
  6 bats
  9 giant cockroaches
  8 goblins
  6 hobgoblins
  4 jackals (D:5)
  10 kobolds
  A quokka (D:2)
  11 frilled lizards
  28 rats
189 creatures vanquished.

Vanquished Creatures (others)
  An orc priest (D:3)
  A hobgoblin (D:3)
  A rat (D:3)
3 creatures vanquished.

Grand Total: 192 creatures vanquished

Notes
Turn   | Place    | Note
-------+----------+-------------------------------------------
     0 | D:1      | KrisU the Demonspawn Fighter began the quest for the Orb.
     0 | D:1      | Reached XP level 1. HP: 18/18 MP: 1/1
   115 | D:1      | Gained mutation: You are partially covered in sharp spines.
                  | [demonic ancestry]
   115 | D:1      | Reached XP level 2. HP: 21/24 MP: 2/2
   843 | D:2      | Gained mutation: You have large cloven feet. [demonic
                  | ancestry]
   843 | D:2      | Reached XP level 3. HP: 29/29 MP: 3/3
  1119 | D:2      | Found a sparkling altar of Nemelex Xobeh.
  1150 | D:2      | Became a worshipper of Nemelex Xobeh the Trickster
  1245 | D:2      | Received a gift from Nemelex Xobeh
  1459 | D:2      | Reached XP level 4. HP: 35/35 MP: 4/4
  1859 | D:3      | Gained mutation: You have hoof-like feet. [demonic
                  | ancestry]
  1859 | D:3      | Reached XP level 5. HP: 21/41 MP: 5/5
  2073 | D:3      | Found a runed translucent gate.
  2073 | D:3      | Found a runed translucent gate.
  2073 | D:3      | Found a runed translucent gate.
  2073 | D:3      | Noticed terminal's ghost (amateur CeFi)
  2175 | D:3      | Reached * piety under Nemelex Xobeh
  2290 | D:3      | Found a faded altar of an unknown god.
  2580 | D:4      | Reached skill level 5 in Axes
  2582 | D:4      | Received a gift from Nemelex Xobeh
  2585 | D:4      | Found a staircase to the Ecumenical Temple.
  2587 | D:4      | Noticed a phantom
  2593 | D:4      | Killed a phantom
  2596 | D:4      | Noticed an ogre
  2621 | D:4      | Killed an ogre
  2621 | D:4      | Gained mutation: You are surrounded by a mild repulsion
                  | field. (EV +2) [demonic ancestry]
  2621 | D:4      | Reached XP level 6. HP: 11/47 MP: 6/6
  2767 | D:4      | Noticed Blork the orc
  2776 | D:4      | Killed Blork the orc
  2857 | D:4      | Reached skill level 1 in Maces & Flails
  2903 | D:4      | Found a glowing drain.
  2905 | D:4      | Reached XP level 7. HP: 32/52 MP: 7/7
  2925 | Sewer    | Entered a sewer
  3049 | Sewer    | Reached skill level 2 in Maces & Flails
  3205 | Sewer    | Reached ** piety under Nemelex Xobeh
  3257 | Sewer    | Reached skill level 3 in Maces & Flails
  4056 | Temple   | Entered the Ecumenical Temple
  4278 | D:5      | Entered Level 5 of the Dungeon
  4278 | D:5      | Received a gift from Nemelex Xobeh
  4503 | D:5      | Reached skill level 4 in Maces & Flails
  4792 | D:5      | Reached skill level 5 in Maces & Flails
  4799 | D:5      | Reached XP level 8. HP: 47/58 MP: 8/8
  4879 | D:5      | Reached skill level 6 in Maces & Flails
  5148 | D:5      | Found a sacrificial altar of Ru.
  5406 | D:5      | Reached *** piety under Nemelex Xobeh
  5669 | D:6      | Reached skill level 7 in Maces & Flails
  5942 | D:6      | Found a transporter.
  5944 | D:6      | Noticed HailSeitan's ghost (novice OpAs)
  5944 | D:6      | Noticed a two-headed ogre
  5946 | D:6      | Found a transporter.
  6523 | D:6      | Reached skill level 8 in Maces & Flails
  7458 | D:7      | Gained mutation: You are surrounded by a moderate repulsion
                  | field. (EV +3) [demonic ancestry]
  7458 | D:7      | Reached XP level 9. HP: 57/63 MP: 9/9
  7558 | D:7      | Reached skill level 9 in Maces & Flails
  7656 | D:7      | Received a gift from Nemelex Xobeh
  8040 | D:7      | Found a blossoming altar of Fedhas.
  8956 | D:8      | Reached **** piety under Nemelex Xobeh
  9003 | D:8      | Noticed a death yak
  9212 | D:8      | Noticed a death yak
  9270 | D:8      | Slain by a death yak

Levels and vault maps discovered:
D:1:      lightli_arrival_quake, layout_loops_cross, minmay_misc_feat_columns,
          chequers_serial_rivers_micro_c, minmay_misc_feat_ornament,
          st_stairs_3, grunt_decor_cap
D:2:      layout_basic, lemuel_round_altar, first_ration, minmay_3d_cube
D:3:      layout_loops_cross, chequers_ecumenical_altar_grove,
          gammafunk_ghost_nasty_kobolds
D:4:      layout_gridville, minmay_temple_entry_ruins,
          cheibrodos_sewer_entry_bend, grunt_ministairs_4, serial_park_tiny_2,
          uniq_blork_the_orc
D:5:      layout_cave_pods, nicolae_ru_the_path_less_chosen
D:6:      layout_loops_ring, gammafunk_ghost_smash
D:7:      layout_basic, kennysheep_little_box
D:8:      layout_loops_corners, dpeg_lair_monsters, minmay_misc_feat_tiny,
          grunt_livestock, nrook_pool_corridor, kennysheep_generic_room_5
Temple:   regret_index_temple_chain_breaker

Skill      XL: |  1  2  3  4  5  6  7  8  9 |
---------------+----------------------------+-----
Axes           | 2 3 4 6 |  6.6
Maces & Flails | 1 5 8 9 |  9.7
Fighting       | |  3.0
Armour         | |  2.6
Shields        | |  2.6

Action                   |  1- 3 |  4- 6 |  7- 9 || total
-------------------------+-------+-------+-------++-------
Melee: War axe           |    72 |    72 |       ||   144
       Kick              |     7 |    11 |    58 ||    76
       Flail             |       |     8 |   237 ||   245
Throw: Dart              |       |       |    26 ||    26
Invok: Draw Destruction  |       |     9 |     5 ||    14
       Draw Escape       |       |     3 |     7 ||    10
  Use: Scroll            |       |     6 |     5 ||    11
       Potion            |       |       |     1 ||     1
  Eat: Chunk             |     1 |     4 |    11 ||    16
       Ration            |       |     1 |     2 ||     3
Armor: Scale mail        |    24 |    18 |    50 ||    92
       Plate armour      |       |       |    20 ||    20
Dodge: Dodged            |    18 |    20 |    63 ||   101
Block: Kite shield       |    30 |    37 |   103 ||   170

Table legend:
 A = Non-vault XP
 B = Vault XP
 C = Vault XP percentage of total XP
 D = Non-vault monster count
 E = Vault monster count
 F = Vault count percentage of total count
                 A         B        C        D         E       F
            +---------+---------+-------+---------+---------+-------
      Total |    3378 |     305 |   8.3 |     142 |      50 |  26.0
            +---------+---------+-------+---------+---------+-------
        D:1 |      31 |       6 |  16.2 |      15 |       3 |  16.7
        D:2 |      57 |       4 |   6.6 |      20 |       3 |  13.0
        D:3 |     117 |       0 |   0.0 |      24 |       0 |   0.0
        D:4 |     565 |     108 |  16.0 |      20 |       4 |  16.7
        D:5 |     956 |       0 |   0.0 |      28 |       0 |   0.0
        D:6 |     620 |       0 |   0.0 |      18 |       0 |   0.0
        D:7 |     678 |       0 |   0.0 |      12 |       0 |   0.0
        D:8 |     354 |       0 |   0.0 |       5 |       0 |   0.0
      Sewer |       0 |     187 | 100.0 |       0 |      40 | 100.0
            +---------+---------+-------+---------+---------+-------
